 Dungeon Crawl Stone Soup version 0.20.1-1-g8b1a95d (webtiles) character file.

84 bobthegiant the Twirler (level 4, 13/33 HPs)
             Began as a Demonspawn Gladiator on Dec 15, 2017.
             Quit the game on level 2 of the Dungeon.
             The game lasted 00:03:12 (1220 turns).

bobthegiant the Twirler (Demonspawn Gladiator)      Turns: 1220, Time: 00:03:13

Health: 13/33      AC:  6    Str: 14    XL:     4   Next: 23%
Magic:  3/4        EV: 12    Int: 10    God:
Gold:   121        SH:  0    Dex: 15    Spells: 3/3 levels left

rFire    + . .     SeeInvis .   a - +0 quarterstaff
rCold    + . .     Gourm    .   (shield currently unavailable)
rNeg     . . .     Faith    .   j - +2 leather armour {rC+}
rPois    .         Spirit   +   c - +0 helmet
rElec    .         Reflect  .   (no cloak)
rCorr    .         Harm     .   (no gloves)
MR       .....                  (no boots)
Stlth    +.........             (no amulet)
Regen    0.2/turn               (no ring)
MPRegen  0.1/turn               (no ring)

@: quite poisoned (13 -> 8)
A: claws 1, fire resistance 1, magic shield
a: no special abilities


You were on level 2 of the Dungeon.
You were not hungry.

You visited 1 branch of the dungeon, and saw 2 of its levels.

You collected 121 gold pieces.

Inventory:

Hand Weapons
 a - a +0 quarterstaff (weapon)
Missiles
 d - 3 throwing nets (quivered)
 e - 78 stones
 i - 3 javelins
Armour
 b - a +0 leather armour
 c - a +0 helmet (worn)
 j - a +2 leather armour of cold resistance (worn)
 l - a +0 robe of magic resistance
Scrolls
 h - a scroll of identify {unknown}
 k - a scroll of random uselessness {unknown}
 p - a scroll of amnesia {unknown}
Potions
 g - a potion of lignification {unknown}
 m - a potion of curing {unknown}
 o - a potion of invisibility {unknown}
Comestibles
 f - 2 bread rations
 n - 5 chunks of flesh


   Skills:
 - Level 2.0 Fighting
 + Level 4.6 Staves
 - Level 1.7 Throwing
 - Level 2.6 Dodging


You had 3 spell levels left.
You didn't know any spells.

Dungeon Overview and Level Annotations

Branches:
Dungeon (2/15)

Altars:


Innate Abilities, Weirdness & Mutations

You have sharp fingernails.
Your flesh is heat resistant. (rF+)
When hurt, damage is shared between your health and your magic reserves.


Message History

You hit the adder.
The adder is moderately wounded.
The adder bites you but does no damage. The adder misses you.
You closely miss the adder.
The adder is moderately wounded.
The adder closely misses you.
You barely miss the adder.
The adder is moderately wounded.
You feel sick. The adder bites you. x2
You are more poisoned.
The adder poisons you!
You hit the adder.
The adder is heavily wounded.
The adder misses you.
You hit the adder.
You kill the adder!
You feel sick.
You feel sick.
You see here an adder corpse.
Are you sure you want to abandon this character and quit the game? (Confirm with "yes".)

#.# #.# #.# # #.#
# . #.# #
...#####.### #
#...[......# ##
#####...#..# .#
#@#..#.... .####
#†##..####.
....### ##.# #.#
..#.... #..# ..#
#.# #.# ##.##
#... #.## #..
#..# #### ...#
#>## ##.## .###
#..####..##### .#
#####......###..#


There were no monsters in sight!

Vanquished Creatures
  Natasha (D:2)
  3 adders (D:2)
  2 giant cockroaches
  4 goblins
  A hobgoblin (D:2)
  7 bats
  10 kobolds
  4 rats (D:1)
32 creatures vanquished.

Notes
Turn   | Place    | Note
-------+----------+-------------------------------------------
     0 | D:1      | bobthegiant the Demonspawn Gladiator began the quest for the Orb.
     0 | D:1      | Reached XP level 1. HP: 16/16 MP: 1/1
    46 | D:1      | Reached skill level 3 in Staves
   294 | D:1      | Gained mutation: You have sharp fingernails. [demonic ancestry]
   294 | D:1      | Reached XP level 2. HP: 22/22 MP: 2/2
   844 | D:2      | Gained mutation: Your flesh is heat resistant. (rF+) [demonic ancestry]
   844 | D:2      | Reached XP level 3. HP: 20/27 MP: 3/3
   972 | D:2      | Noticed Natasha
   984 | D:2      | Killed Natasha
   984 | D:2      | Reached skill level 4 in Staves
  1210 | D:2      | Gained mutation: When hurt, damage is shared between your health and your magic reserves. [demonic ancestry]
  1210 | D:2      | Reached XP level 4. HP: 20/33 MP: 4/4
  1220 | D:2      | Quit the game

Skill      XL: |  1  2  3 |
---------------+----------+-----
Staves         | 3 4 |  4.6
Fighting       | |  2.0
Throwing       | |  1.7
Dodging        | |  2.6

Action                   |  1- 3 |  4- 6 || total
-------------------------+-------+-------++-------
Melee: Quarterstaff      |    97 |     7 ||   104
  Eat: Chunk             |     1 |       ||     1
Armor: Leather armour    |    40 |     3 ||    43
Dodge: Dodged            |    94 |     4 ||    98
